SL
ECHO PARK LAKERS @ GRAFTON MIDDIES
06/22/2030
 
TOP OF THE 1ST
Echo Park Lakers batting - Pitching for Grafton Middies : RHP Dave Turner
Pitching: RHP Dave Turner
Batting: RHB Zhenya Worobtsoff 0-0: Called Strike
0-1: Foul Ball, location: 2F
0-2: DOUBLE (Flyball, 8RD)
Batting: LHB Stefan Vanderhoof 0-0: SINGLE (Line Drive, 78S)
Zhenya Worobtsoff to third
Batting: RHB Guillermo Coss 0-0: Called Strike
0-1: Swinging Strike
0-2: Grounds into double play, 6-4-3 (Groundball, 6)
Zhenya Worobtsoff scores
Batting: LHB Count Dante 0-0: Foul Ball, location: 2F
0-1: Ball
1-1: Called Strike
1-2: Fly out, F7 (Flyball, 7)
Top of the 1st over - 1 run, 2 hits, 0 errors, 0 left on base; Echo Park 1 - Grafton 0
BOTTOM OF THE 1ST
Grafton Middies batting - Pitching for Echo Park Lakers : RHP Mark Collingwood
Pitching: RHP Mark Collingwood
Batting: RHB Pedro Santos 0-0: Foul Ball, location: 2F
0-1: Ball
1-1: Ball
2-1: Fly out, F7 (Flyball, 78M)
Batting: RHB Carlos Maldonado 0-0: Ball
1-0: Fly out, F7 (Flyball, 78S)
Batting: LHB Mario Ramos 0-0: Ball
1-0: Ball
2-0: Ball
3-0: Called Strike
3-1: Swinging Strike
3-2: Foul Ball, location: 2F
3-2: Base on Balls
Batting: LHB Phil MacNamara 0-0: Ball
1-0: Swinging Strike
1-1: Called Strike
1-2: Strikes out swinging
Bottom of the 1st over - 0 runs, 0 hits, 0 errors, 1 left on base; Echo Park 1 - Grafton 0
TOP OF THE 2ND
Echo Park Lakers batting - Pitching for Grafton Middies : RHP Dave Turner
Batting: RHB Yoshihito Samurakami 0-0: Foul Ball, location: 2F
0-1: Foul Ball, location: 2F
0-2: SINGLE (Flyball, 7LS)
Batting: RHB Freddy Torres 0-0: Called Strike
0-1: Ball
1-1: SINGLE (Flyball, 6D)
Yoshihito Samurakami to second
Batting: RHB Alfredo Mojica 0-0: Called Strike
0-1: Ball
1-1: Foul Ball, location: 2F
1-2: Fielders Choice at 2nd, 1-6 (Groundball, P)
Yoshihito Samurakami to third
Batting: LHB Juan Medina 0-0: Foul Ball, location: 2F
0-1: Swinging Strike
0-2: Ball
1-2: Foul Ball, location: 2F
1-2: Ball
2-2: Fly out, F7 (Flyball, 7)
Batting: RHB Joseph Gray 0-0: Ball
1-0: Ball
2-0: Ball
3-0: Base on Balls
Alfredo Mojica to second
Batting: RHB Zhenya Worobtsoff 0-0: SINGLE (Groundball, 13) (infield hit)
Yoshihito Samurakami scores
Alfredo Mojica to third
Joseph Gray to second
Batting: LHB Stefan Vanderhoof 0-0: Ball
1-0: Foul Ball, location: 2F
1-1: SINGLE (Groundball, 4MD)
Alfredo Mojica scores
Joseph Gray to third
Zhenya Worobtsoff to second
Runner from 3rd tries for Home, throw and OUT!
Top of the 2nd over - 2 runs, 4 hits, 0 errors, 2 left on base; Echo Park 3 - Grafton 0
BOTTOM OF THE 2ND
Grafton Middies batting - Pitching for Echo Park Lakers : RHP Mark Collingwood
Batting: RHB Cristo González 0-0: Called Strike
0-1: DOUBLE (Flyball, 78D)
Batting: RHB Stefano Gaddi 0-0: Ball
1-0: Called Strike
1-1: Ball
2-1: Ball
3-1: Fly out, F9 (Flyball, 9LSF)
Batting: LHB Jorge Flores 0-0: Called Strike
0-1: Called Strike
Cristo González steals 3rd base
0-2: Ball
1-2: Foul Ball, location: 2F
1-2: Ball
2-2: Ball
3-2: Base on Balls
Batting: LHB John Meléndez 0-0: Called Strike
0-1: Swinging Strike
0-2: Ball
1-2: Ball
2-2: Foul Ball, location: 2F
2-2: Fly out, F9 (Flyball, 9S)
Batting: LHB Juan Caro 0-0: 3-RUN HOME RUN (Flyball, 9D), Distance : 388 ft
Batting: RHB Pedro Santos 0-0: Foul Ball, location: 2F
0-1: Ball
1-1: Ball
2-1: Swinging Strike
2-2: Ball
3-2: Base on Balls
Batting: RHB Carlos Maldonado 0-0: Ground out 5-3 (Groundball, 56S)
Bottom of the 2nd over - 3 runs, 2 hits, 0 errors, 1 left on base; Echo Park 3 - Grafton 3
TOP OF THE 3RD
Echo Park Lakers batting - Pitching for Grafton Middies : RHP Dave Turner
Batting: RHB Guillermo Coss 0-0: Ball
1-0: Called Strike
1-1: Ball
2-1: Ground out U3 (Groundball, 23)
Batting: LHB Count Dante 0-0: Foul Ball, location: 2F
0-1: Fly out, F8 (Flyball, 8LD)
Batting: RHB Yoshihito Samurakami 0-0: Called Strike
0-1: DOUBLE (Line Drive, 78D)
Batting: RHB Freddy Torres 0-0: Ball
1-0: Ground out 6-3 (Groundball, 6)
Top of the 3rd over - 0 runs, 1 hit, 0 errors, 1 left on base; Echo Park 3 - Grafton 3
BOTTOM OF THE 3RD
Grafton Middies batting - Pitching for Echo Park Lakers : RHP Mark Collingwood
Batting: LHB Mario Ramos 0-0: Ball
1-0: Ball
2-0: SOLO HOME RUN (Line Drive, 9D), Distance : 385 ft
Batting: LHB Phil MacNamara 0-0: Ball
1-0: Foul Ball, location: 2F
1-1: Swinging Strike
1-2: Foul Ball, location: 2F
1-2: Ground out 6-3 (Groundball, 6)
Batting: RHB Cristo González 0-0: Ball
1-0: Ball
2-0: Fly out, F7 (Flyball, 7S)
Batting: RHB Stefano Gaddi 0-0: SINGLE (Line Drive, 56D)
Batting: LHB Jorge Flores 0-0: Ball
1-0: Foul Ball, location: 2F
1-1: Swinging Strike
1-2: Ball
2-2: Ball
3-2: Strikes out swinging
Bottom of the 3rd over - 1 run, 2 hits, 0 errors, 1 left on base; Echo Park 3 - Grafton 4
TOP OF THE 4TH
Echo Park Lakers batting - Pitching for Grafton Middies : RHP Dave Turner
Batting: RHB Alfredo Mojica 0-0: Ball
1-0: Called Strike
1-1: Foul Ball, location: 2F
1-2: SINGLE (Flyball, 9S)
Batting: LHB Juan Medina 0-0: Called Strike
0-1: Ball
1-1: Ball
2-1: Called Strike
2-2: Strikes out swinging
Batting: RHB Joseph Gray 0-0: Ball
1-0: Foul Ball, location: 2F
1-1: Foul Ball, location: 2F
1-2: Grounds into double play, 6-4-3 (Groundball, 6)
Top of the 4th over - 0 runs, 1 hit, 0 errors, 0 left on base; Echo Park 3 - Grafton 4
BOTTOM OF THE 4TH
Grafton Middies batting - Pitching for Echo Park Lakers : RHP Mark Collingwood
Batting: LHB John Meléndez 0-0: Called Strike
0-1: Bunt missed!
0-2: Foul Ball, location: 2F
0-2: Ball
1-2: Ball
2-2: Ball
3-2: Base on Balls
Batting: LHB Juan Caro 0-0: Ball
1-0: Ball
2-0: Called Strike
2-1: Swinging Strike
2-2: Ball
3-2: Base on Balls
John Meléndez to second
Batting: RHB Pedro Santos 0-0: Foul Ball, location: 2F
0-1: Ball
1-1: Ball
2-1: Foul Ball, location: 2F
2-2: Ball
3-2: Base on Balls
John Meléndez to third
Juan Caro to second
Batting: RHB Carlos Maldonado 0-0: Called Strike
0-1: Ball
1-1: Ball
2-1: Swinging Strike
2-2: Foul Ball, location: 2F
2-2: Strikes out swinging
Batting: LHB Mario Ramos 0-0: Ball
1-0: Ball
2-0: Ball
3-0: Called Strike
3-1: Foul Ball, location: 2F
3-2: Base on Balls
John Meléndez scores
Juan Caro to third
Pedro Santos to second
Pitching: RHP Dan Hobbs
Batting: LHB Phil MacNamara 0-0: Grounds into double play, 6-4-3 (Groundball, 6)
Bottom of the 4th over - 1 run, 0 hits, 0 errors, 2 left on base; Echo Park 3 - Grafton 5
TOP OF THE 5TH
Echo Park Lakers batting - Pitching for Grafton Middies : RHP Dave Turner
Batting: RHB Zhenya Worobtsoff 0-0: Swinging Strike
0-1: Ball
1-1: Ground out 5-3 (Groundball, 5)
Batting: LHB Stefan Vanderhoof 0-0: Swinging Strike
0-1: Foul Ball, location: 2F
0-2: Ball
1-2: Fly out, F8 (Flyball, 8LD)
Batting: RHB Guillermo Coss 0-0: Ball
1-0: Foul Ball, location: 2F
1-1: Hit by Pitch
Batting: LHB Count Dante 0-0: Ball
1-0: Ball
2-0: Ball
3-0: Ground out 4-3 (Groundball, 4)
Top of the 5th over - 0 runs, 0 hits, 0 errors, 1 left on base; Echo Park 3 - Grafton 5
BOTTOM OF THE 5TH
Grafton Middies batting - Pitching for Echo Park Lakers : RHP Dan Hobbs
Batting: RHB Cristo González 0-0: Hit by Pitch
Batting: RHB Stefano Gaddi 0-0: Ball
1-0: Called Strike
1-1: Foul Ball, location: 2F
1-2: Ball
2-2: Strikes out swinging
Batting: LHB Jorge Flores 0-0: Ball
1-0: Ball
2-0: Ball
3-0: Base on Balls
Cristo González to second
Batting: LHB John Meléndez 0-0: Ball
1-0: Called Strike
1-1: Foul Ball, location: 2F
1-2: Ball
2-2: Foul Ball, location: 2F
2-2: Strikes out swinging
Batting: LHB Juan Caro 0-0: Ball
1-0: Fly out, F8 (Flyball, 8LS)
Bottom of the 5th over - 0 runs, 0 hits, 0 errors, 2 left on base; Echo Park 3 - Grafton 5
TOP OF THE 6TH
Echo Park Lakers batting - Pitching for Grafton Middies : RHP Dave Turner
Batting: RHB Yoshihito Samurakami 0-0: Ball
1-0: Swinging Strike
1-1: Ground out 6-3 (Groundball, 6)
Batting: RHB Freddy Torres 0-0: Foul Ball, location: 2F
0-1: Fly out, F6 (Line Drive, 6)
Batting: RHB Alfredo Mojica 0-0: Ball
1-0: Ball
2-0: Swinging Strike
2-1: DOUBLE (Line Drive, 9LM)
Batting: LHB Juan Medina 0-0: Called Strike
0-1: Ball
1-1: Swinging Strike
1-2: Fly out, F9 (Flyball, 9LMF)
Top of the 6th over - 0 runs, 1 hit, 0 errors, 1 left on base; Echo Park 3 - Grafton 5
BOTTOM OF THE 6TH
Grafton Middies batting - Pitching for Echo Park Lakers : RHP Dan Hobbs
Batting: RHB Pedro Santos 0-0: Called Strike
0-1: Ball
1-1: Swinging Strike
1-2: Ball
2-2: Fly out, F6 (Flyball, 56D)
Batting: RHB Carlos Maldonado 0-0: Called Strike
0-1: Ball
1-1: Fly out, F7 (Flyball, 7S)
Batting: LHB Mario Ramos 0-0: Ball
1-0: Foul Ball, location: 2F
1-1: Foul Ball, location: 2F
1-2: Ground out 5-3 (Groundball, 5)
Bottom of the 6th over - 0 runs, 0 hits, 0 errors, 0 left on base; Echo Park 3 - Grafton 5
TOP OF THE 7TH
Echo Park Lakers batting - Pitching for Grafton Middies : RHP Dave Turner
Batting: RHB Joseph Gray 0-0: Ground out 5-3 (Groundball, 56)
Batting: RHB Zhenya Worobtsoff 0-0: Called Strike
0-1: Ball
1-1: Fly out, F7 (Line Drive, 7D)
Batting: LHB Stefan Vanderhoof 0-0: Called Strike
0-1: Ground out 4-3 (Groundball, 4MS)
Top of the 7th over - 0 runs, 0 hits, 0 errors, 0 left on base; Echo Park 3 - Grafton 5
BOTTOM OF THE 7TH
Grafton Middies batting - Pitching for Echo Park Lakers : RHP Dan Hobbs
Batting: LHB Phil MacNamara 0-0: Swinging Strike
0-1: Foul Ball, location: 2F
0-2: DOUBLE (Line Drive, 9LM)
Batting: RHB Cristo González 0-0: Foul Ball, location: 2F
0-1: Ball
1-1: 2-RUN HOME RUN (Flyball, 9LD), Distance : 351 ft
Pitching: RHP Bryan Palmer
Batting: RHB Stefano Gaddi 0-0: Called Strike
0-1: Called Strike
0-2: Ball
1-2: Foul Ball, location: 2F
1-2: Foul Ball, location: 2F
1-2: DOUBLE (Line Drive, 78XD)
Batting: LHB Jorge Flores 0-0: Intentional Walk
Batting: LHB John Meléndez 0-0: Ball
1-0: Sac Bunt - play at first, batter OUT! 2-4
Stefano Gaddi to third
Jorge Flores to second
Batting: LHB Juan Caro 0-0: Ground out 5-3 (Groundball, 56S)
Batting: RHB Pedro Santos 0-0: Swinging Strike
0-1: Ball
1-1: Swinging Strike
1-2: Foul Ball, location: 2F
1-2: Ball
2-2: Foul Ball, location: 2F
2-2: Foul Ball, location: 2F
2-2: Fly out, F9 (Flyball, 89M)
Bottom of the 7th over - 2 runs, 3 hits, 0 errors, 2 left on base; Echo Park 3 - Grafton 7
TOP OF THE 8TH
Echo Park Lakers batting - Pitching for Grafton Middies : RHP Dave Turner
Batting: RHB Guillermo Coss 0-0: Foul Ball, location: 2F
0-1: Foul Ball, location: 2F
0-2: Fly out, F5 (Line Drive, 5)
Batting: LHB Count Dante 0-0: Called Strike
0-1: Ground out 6-3 (Groundball, 6M)
Batting: RHB Yoshihito Samurakami 0-0: Fly out, F8 (Flyball, 8RXD)
Top of the 8th over - 0 runs, 0 hits, 0 errors, 0 left on base; Echo Park 3 - Grafton 7
BOTTOM OF THE 8TH
Grafton Middies batting - Pitching for Echo Park Lakers : RHP Bryan Palmer
Batting: RHB Carlos Maldonado 0-0: Ball
1-0: Ball
2-0: Ball
3-0: Called Strike
3-1: Fly out, F7 (Flyball, 7LD)
Batting: LHB Mario Ramos 0-0: Called Strike
0-1: SINGLE (Line Drive, 5L)
Batting: LHB Phil MacNamara 0-0: Called Strike
0-1: Swinging Strike
0-2: Strikes out looking
Batting: RHB Cristo González 0-0: Swinging Strike
0-1: Fly out, F1 (Line Drive, 13)
Bottom of the 8th over - 0 runs, 1 hit, 0 errors, 1 left on base; Echo Park 3 - Grafton 7
TOP OF THE 9TH
Echo Park Lakers batting - Pitching for Grafton Middies : RHP Dave Turner
Batting: RHB Freddy Torres 0-0: Called Strike
0-1: Foul Ball, location: 2F
0-2: Strikes out swinging
Batting: RHB Alfredo Mojica 0-0: Ball
1-0: Called Strike
1-1: Fly out, F7 (Flyball, 7D)
Batting: LHB Juan Medina 0-0: Swinging Strike
0-1: Called Strike
0-2: Ball
1-2: Ground out 6-3 (Groundball, 6)
Top of the 9th over - 0 runs, 0 hits, 0 errors, 0 left on base; Echo Park 3 - Grafton 7
Sunday, March 18th, 2018 - OOTP Baseball 18.8 Build 76